 Dungeon Crawl Stone Soup version 0.30.0-20-g3b4254fcbd (webtiles) character file.

Game seed: 12045199895383927300

187 Graphine the Sneak (level 5, 0/41 HPs)
             Began as a Merfolk Brigand on June 2, 2023.
             Engulfed by an orc wizard's steam (10 damage)
             ... on level 3 of the Dungeon.
             The game lasted 00:05:10 (1714 turns).

Graphine the Sneak (Merfolk Brigand)                Turns: 1714, Time: 00:05:10

Health: 0/41       AC:  7    Str: 17    XL:     5   Next: 66%
Magic:  5/5        EV: 16    Int: 10    God:
Gold:   131        SH:  0    Dex: 18    Spells: 4/4 levels left

rFire   . . .        a - +2 dagger
rCold   . . .        (no shield)
rNeg    . . .        b - +0 robe
rPois   .            (no helmet)
rElec   .            c - +0 cloak
rCorr   .            (no gloves)
SInv    .            (boots currently unavailable)
Will    .....        (no amulet)
Stlth   ++++         g - +4 ring of protection
HPRegen 0.26/turn    s - +6 ring of strength
MPRegen 0.09/turn

%: no passive effects
@: very quick
A: nimble swimmer 2, mertail
a: no special abilities


You were on level 3 of the Dungeon.
You visited 1 branch of the dungeon, and saw 3 of its levels.

You collected 131 gold pieces.

Inventory:

Hand Weapons
 a - a +2 dagger (weapon)
 o - a +1 whip of flaming
Missiles
 d - 12 poisoned darts (quivered)
 e - 2 curare-tipped darts
Armour
 b - a +0 robe (worn)
 c - a +0 cloak (worn)
Magical Staves
 j - a staff of cold
Jewellery
 g - a +4 ring of protection (left hand)
 s - a +6 ring of strength (right hand)
Scrolls
 f - 2 scrolls of identify {unknown}
 k - 2 scrolls of teleportation {unknown}
 m - a scroll of noise {unknown}
 r - a scroll of amnesia {unknown}
 u - a scroll of blinking {unknown}
Potions
 h - 2 potions of curing {unknown}
 i - a potion of flight {unknown}
 l - a potion of cancellation {unknown}
 n - 2 potions of haste {unknown}
 p - 2 potions of berserk rage {unknown}
 q - a potion of might {unknown}
 t - a potion of degeneration {unknown}


   Skills:
 + Level 3.3 Fighting
 + Level 3.7 Short Blades
 - Level 2.0 Throwing
 + Level 3.3 Dodging
 * Level 6.0 Stealth


You had 4 spell levels left.
You didn't know any spells.
Your spell library was empty.

Dungeon Overview and Level Annotations

Branches:
Dungeon (3/15)

Altars:

Shops:
D:1 (


Innate Abilities, Weirdness & Mutations

You are very nimble when in or above water. (Stealth+, EV+, Speed+++)
Your lower body shifts to a powerful aquatic tail in water.


Message History

The adder bites you but does no damage. Something hits you.
The frilled lizard bites you.
You hit the adder.
The adder is heavily wounded.
The adder misses you.
You hear some strange, mumbled words.
A magic dart appears from out of thin air!
The magic dart hits you! The frilled lizard closely misses you.
You barely miss the adder.
The adder is heavily wounded.
The adder closely misses you. The adder bites you but does no damage.
You miss the adder.
The adder is heavily wounded.
The frilled lizard closely misses you. The adder misses you.
You barely miss the adder. You tail-slap the adder.
The adder is almost dead.
You hear some strange, mumbled words.
A puff of flame appears from out of thin air!
The puff of flame hits you. The frilled lizard bites you.
The adder completely misses you.
You closely miss the adder.
The adder is almost dead.
You are engulfed in a cloud of scalding steam.
The adder misses you. The orc closely misses you.
Something hits you but does no damage. The frilled lizard barely misses you.
You are too injured to fight recklessly!
Unknown command.
You hit the adder.
The adder is almost dead.
You are engulfed in a cloud of scalding steam.
The adder misses you. The frilled lizard misses you.
The orc completely misses you. Something hits you.
You closely miss the adder. You tail-slap the adder.
You kill the adder!
You are engulfed in a cloud of scalding steam.
* * * LOW HITPOINT WARNING * * *
Your Stealth skill increases to level 6!
You closely miss something.
You are engulfed in a cloud of scalding steam.
You die...

S.≈ #≈.≈# #≈..#
≈.≈###≈.≈###≈..#
≈.≈≈≈≈≈.≈≈≈≈≈..#
............).#
.≈≈≈≈≈.≈≈≈≈≈..#
≈###≈.≈###≈..# #
#≈.≈# #≈..#
#≈.≈###≈.≈###≈..#
≈≈.≈≈≈≈@.≈≈≈≈≈..#
......o{l.......#
≈≈.≈≈≈≈≈.≈≈≈≈≈..#
#≈.≈###≈.≈###≈..
#≈.≈ #≈.≈# ≈..
#≈. #≈.≈# .. ≈≈
≈≈.≈≈ ......


You could see an orc and a frilled lizard.

Vanquished Creatures
  Ijyb (D:2)
  Jessica (D:2)
  2 orc wizards
  3 adders
  A worm (D:2)
  2 dart slugs (D:1)
  4 orcs
  An endoplasm (D:2)
  A giant cockroach (D:2)
  10 goblins
  5 hobgoblins
  4 kobolds
  A quokka (D:2)
  2 ball pythons
  5 bats
  4 frilled lizards
  5 rats
52 creatures vanquished.

Notes
Turn   | Place    | Note
-------+----------+-------------------------------------------
     0 | D:1      | Graphine the Merfolk Brigand began the quest for the Orb.
     0 | D:1      | Reached XP level 1. HP: 16/16 MP: 1/1
   281 | D:1      | Found Ecum Biu's Antique Weapon Shoppe.
   283 | D:1      | Reached XP level 2. HP: 23/23 MP: 2/2
   695 | D:2      | Reached XP level 3. HP: 28/28 MP: 3/3
   767 | D:2      | Noticed Jessica
   770 | D:2      | Killed Jessica
   771 | D:2      | Reached skill level 5 in Stealth
   826 | D:2      | Reached XP level 4. HP: 34/34 MP: 4/4
   977 | D:2      | Noticed Ijyb
  1037 | D:2      | Killed Ijyb
  1038 | D:2      | Reached XP level 5. HP: 14/41 MP: 5/5
  1467 | D:2      | Found a faded altar of an unknown god.
  1714 | D:3      | Reached skill level 6 in Stealth
  1714 | D:3      | Engulfed by an orc wizard's steam

Illustrated notes

Levels and vault maps discovered:
D:1:      minmay_arrival_nine_rooms, layout_loops_ring, serial_shops, shop,
          corexii_leaking_fountain
D:2:      kennysheep_the_goblin_king, layout_rooms,
          dreamdust_ecumenical_altar_grove, serial_bayou_crossing, uniq_jessica
D:3:      layout_basic, kennysheep_boxes

Skill      XL: |  1  2  3  4  5 |
---------------+----------------+-----
Dodging        | 2 3 |  3.3
Short Blades   | 3 |  3.7
Stealth        | 5 6 |  6.0
Fighting       | 3 |  3.3
Throwing       | |  2.0

Action                     |  1- 3 |  4- 6 || total
---------------------------+-------+-------++-------
  Melee: Dagger            |    45 |   115 ||   160
         Punch             |     1 |       ||     1
         Tailslap          |       |     4 ||     4
  Throw: Dart              |     1 |    20 ||    21
   Stab: Sleeping          |    17 |     4 ||    21
 Armour: Robe              |    10 |    39 ||    49
  Dodge: Dodged            |    18 |    77 ||    95
